AoeStats
← Herby

Arena

506308191Analyzed
4v4 RM · 19d ago on Sep 13, 2026· 45m 45s· 8 players
Game mode
Random Map
Map size
Large (8 player)
Population
200
Speed
Normal
Resources
Standard
Victory
Conquest
Starting age
Dark Age
Ending age
Imperial Age
RankedLock teamsTeams togetherTeam positionsShared explorationLock speedFull tech treeHidden civsTurbo modeCheats
Victory
Defeat
🇨🇱 Slavs · Chile
1450
+14
🇲🇽 Persians · Mexico
1439
+15
🇺🇸 Italians · United States
1370
+17
1365
+19
🇲🇽 Romans · Mexico
1422
-17
🇦🇺 Mongols · Australia
1407
-16
🇲🇽 Vietnamese · Mexico
1401
-16
🇦🇷 Khmer · Argentina
1397
-16
KanA
10:51 Feudal Age
11:46 Feudal Age
14:45 Castle Age
12:52 Double-Bit Axe
13:12 Horse Collar
13:49 Gold Mining
14:28 Stone Mining
14:25 Loom
18:12 Bow Saw
23:19 Heavy Plow
25:11 Wheelbarrow
29:33 Imperial Age
27:20 Scale Mail Armor
28:01 Forging
28:20 Hand Cart
27:32 Pikeman
29:08 Chain Mail Armor
29:29 Iron Casting
28:41 Arson
29:40 Halberdier
30:54 Crop Rotation
30:50 Conscription
30:01 Capped Ram
30:56 Town Watch
32:12 Blast Furnace
31:23 Siege Ram
33:01 Gold Shaft Mining
32:55 Murder Holes
33:25 Heavy Scorpion
36:24 Coinage
36:11 Padded Archer Armor
36:39 Ballistics
37:56 Chemistry
38:56 Elite Skirmisher
39:28 Fletching
39:53 Leather Archer Armor
39:51 Masonry
39:52 Fortified Wall
40:22 Imperial Skirmisher
Herby
7:26 Loom
10:13 Feudal Age
14:05 Castle Age
12:28 Double-Bit Axe
12:35 Gold Mining
15:13 Bow Saw
22:12 Ballistics
27:05 Horse Collar
28:34 Fortified Wall
29:11 Wheelbarrow
31:51 Hand Cart
36:30 Gold Shaft Mining
42:37 Imperial Age
40:32 Scale Barding Armor
40:28 Scale Mail Armor
40:41 Forging
42:09 Chain Barding Armor
42:58 Heavy Scorpion
45:02 Ballistas
riZen
10:53 Feudal Age
9:08 Loom
14:35 Castle Age
12:34 Horse Collar
13:15 Double-Bit Axe
13:57 Gold Mining
14:40 Stone Mining
15:54 Wheelbarrow
16:58 Bow Saw
21:42 Heavy Plow
21:50 Town Watch
28:54 Imperial Age
26:48 Padded Archer Armor
26:38 Fletching
27:38 Gold Shaft Mining
27:44 Bloodlines
28:06 Bodkin Arrow
29:06 Stone Shaft Mining
29:25 Leather Archer Armor
29:58 Conscription
30:56 Chemistry
30:48 Husbandry
31:16 Parthian Tactics
30:57 Thumb Ring
32:56 Elite Mangudai
34:03 Hand Cart
34:27 Bracer
35:31 Scale Barding Armor
34:48 Light Cavalry
36:53 Scale Mail Armor
37:13 Chain Barding Armor
37:16 Forging
36:51 Hussar
38:04 Capped Ram
39:21 Ballistics
39:14 Masonry
40:34 Hoardings
[Pb] Komodo 3000
9:47 Feudal Age
11:18 Loom
13:41 Castle Age
15:59 Fletching
18:41 Bodkin Arrow
18:47 Padded Archer Armor
21:22 Double-Bit Axe
27:13 Bow Saw
26:46 Horse Collar
28:10 Loom
31:33 Leather Archer Armor
33:46 Fortified Wall
35:35 Wheelbarrow
EXILE | NOPALITO
9:38 Feudal Age
11:22 Loom
14:11 Castle Age
14:06 Double-Bit Axe
14:03 Horse Collar
16:34 Bow Saw
17:30 Wheelbarrow
26:04 Fletching
29:50 Imperial Age
27:17 Gold Mining
27:51 Bodkin Arrow
28:34 Scale Mail Armor
28:45 Forging
28:55 Heavy Plow
29:09 Stone Mining
29:25 Squires
29:11 Arson
29:30 Padded Archer Armor
29:45 Chain Mail Armor
30:55 Iron Casting
30:45 Bracer
32:03 Two-Man Saw
32:04 Ballistics
32:45 Chemistry
32:15 Conscription
32:12 Thumb Ring
35:20 Plate Mail Armor
35:51 Blast Furnace
AiM | CaballeroTemplario
7:10 Loom
11:20 Feudal Age
15:06 Castle Age
13:07 Double-Bit Axe
14:40 Horse Collar
16:27 Bow Saw
19:03 Fletching
31:01 Bodkin Arrow
36:15 Padded Archer Armor
43:31 Town Watch
44:21 Wheelbarrow
45:11 Scale Barding Armor
45:25 Heavy Plow
EXILE | LauraHero
11:46 Feudal Age
15:53 Castle Age
13:45 Double-Bit Axe
14:10 Horse Collar
15:59 Scale Barding Armor
16:05 Forging
16:46 Bloodlines
16:53 Heavy Plow
17:09 Bloodlines
20:42 Wheelbarrow
23:21 Chain Barding Armor
25:58 Hand Cart
31:43 Imperial Age
30:40 Iron Casting
30:14 Loom
30:15 Town Watch
31:30 Husbandry
31:22 Cavalier
32:17 Bow Saw
32:43 Crop Rotation
33:41 Plate Barding Armor
36:33 Blast Furnace
35:23 Fletching
35:34 Padded Archer Armor
35:14 Savar
37:49 Gold Mining
37:50 Stone Mining
39:01 Conscription
43:12 Scale Mail Armor
44:06 Theocracy
43:26 Herbal Medicine
43:55 Ballistics
43:26 Guard Tower
Yagami_Light
10:37 Feudal Age
12:11 Horse Collar
14:38 Castle Age
12:40 Double-Bit Axe
16:56 Scale Barding Armor
18:50 Wheelbarrow
19:25 Bloodlines
21:20 Husbandry
21:42 Chain Barding Armor
22:42 Bow Saw
24:08 Devotion
24:09 Gold Mining
26:05 Stone Mining
26:38 Loom
27:42 Town Watch
32:02 Imperial Age
31:38 Forging
31:57 Heavy Plow
32:20 Hand Cart
33:30 Plate Barding Armor
32:17 Cavalier
32:58 Detinets
33:19 Conscription
34:08 Iron Casting
35:16 Gold Shaft Mining
34:21 Elite Boyar
36:57 Blast Furnace
40:46 Scale Mail Armor
40:25 Capped Ram
41:21 Siege Ram
45:19 Masonry
45:14 Siege Engineers
45:22 Masonry
Connection lost

Rejoining the realm…

Still unreachable

The connection could not be restored.

Session expired

The server has moved on; the page needs a fresh start.